 Dungeon Crawl Stone Soup version 0.31-a0-1626-g5cb510d322 (webtiles) character file.

Game seed: 14327146181251204248

2461 zenocrate the Covert (level 9, -2/60 HPs)
             Began as a Vine Stalker Enchanter on Jan 13, 2024.
             Slain by a spriggan
             ... wielding a +0 trident
              (5 damage)
             ... in a bailey.
             The game lasted 00:11:00 (6309 turns).

zenocrate the Covert (Vine Stalker Enchanter)       Turns: 6309, Time: 00:11:00

Health: -2/60      AC: 28    Str: 11    XL:     9   Next: 50%
Magic:  0/13       EV:  2    Int: 15    God:
Gold:   310        SH:  0    Dex: 19    Spells: 1/12 levels left

rFire   . . .        a - +1 dagger
rCold   . . .        (no shield)
rNeg    . . .        D - melded +0 swamp dragon scales
rPois   +            (helmet currently unavailable)
rElec   .            u - melded scarf {shadows}
rCorr   .            (gloves currently unavailable)
SInv    .            k - melded +0 pair of boots
Will    +....        w - amulet of the acrobat
Stlth   ++++         v - +5 ring of evasion
HPRegen 1.10/turn    o - +4 ring of protection
MPRegen 0.13/turn

%: acrobat, guardian spirit
@: tree-form, attractive, very slightly contaminated, slowed, very slow
A: stationary, stasis, torment immunity, boosted hp, (fangs 3), regeneration 1,
magic shield, (antimagic bite), no potion heal 2, (fire resistance 1),
MP-powered wands
a: no special abilities


You were in a bailey.
You were a tree.
You visited 1 branch of the dungeon, and saw 7 of its levels.
You also visited: Ossuary and Bailey.

You collected 310 gold pieces.

Inventory:

Hand Weapons
 a - a +1 dagger (weapon)
Missiles
 s - 4 curare-tipped darts (quivered)
Armour
 b - a +0 robe
 k - a +0 pair of boots (melded)
 u - a scarf of shadows (melded)
 D - +0 swamp dragon scales (melded)
Jewellery
 g - a ring of magical power
 o - a +4 ring of protection (right branch)
 r - an amulet of magic regeneration
 v - a +5 ring of evasion (left branch)
 w - an amulet of the acrobat (around neck)
Wands
 B - a wand of polymorph (6)
Scrolls
 e - a scroll of poison
 i - a scroll of enchant weapon
 j - 2 scrolls of immolation
 l - a scroll of revelation
 n - 2 scrolls of teleportation
 p - 2 scrolls of enchant armour
 y - 2 scrolls of fog
 z - a scroll of amnesia {unknown}
 A - a scroll of silence {unknown}
 C - a scroll of vulnerability {unknown}
Potions
 c - a potion of invisibility
 d - 4 potions of curing
 h - a potion of mutation
 m - 3 potions of lignification
 q - a potion of attraction
 t - 2 potions of haste {unknown}
 x - 2 potions of brilliance
 E - 3 potions of enlightenment {unknown}
 F - a potion of might {unknown}


   Skills:
 - Level 0.6 Fighting
 + Level 5.1 Short Blades
 + Level 3.5 Armour
 + Level 4.5 Dodging
 + Level 8.3 Stealth
 + Level 2.3 Spellcasting
 + Level 5.9 Hexes
 - Level 3.7 Ice Magic


You had one spell level left.
You knew the following spells:

 Your Spells              Type           Power      Damage    Failure   Level
a - Ensorcelled Hibernat  Hex/Ice        32%        N/A       4%          2
b - Confusing Touch       Hex            19%        N/A       5%          3
c - Tukima's Dance        Hex            19%        N/A       5%          3
d - Dazzling Flash        Conj/Hex       20%        N/A       19%         3

Your spell library contained the following spells:

 Spells                   Type           Power      Damage    Failure   Level
 Sigil of Binding         Hex            19%        N/A       5%          3
 Lesser Beckoning         Tloc           2%         N/A       32%         2
 Call Canine Familiar     Summ           1%         N/A       54%         3
 Gell's Gravitas          Tloc           1%         N/A       54%         3
 Stone Arrow              Conj/Erth      2%         3d7       54%         3
 Teleport Other           Tloc           1%         N/A       54%         3
 Dimensional Bullseye     Hex/Tloc       5%         N/A       54%         4
 Animate Armour           Summ/Erth      2%         N/A       91%         4
 Lehudib's Crystal Spear  Conj/Erth      0%         10d2      100%        8


Dungeon Overview and Level Annotations

Branches:
Dungeon (7/15)             Temple (0/1) D:7         Ossuary (visited)
 Bailey (1/1)

Altars:

Shops:
D:1 [   D:4 [

Annotations:
D:5 3 runed translucent doors, croobank's ghost, amateur OnFE


Innate Abilities, Weirdness & Mutations

You are a tree.
Your roots penetrate the ground, keeping you stationary.
You cannot be teleported.
You are immune to unholy pain and torment.
Your maximum health is greatly increased.
Your equipment is partially melded.
((You have razor-sharp teeth.))
Your natural rate of healing is unusually fast.
When hurt, damage is shared between your health and your magic reserves.
((Your bite disrupts and absorbs the magic of your enemies.))
Potions cannot restore your health.
((Your flesh is heat resistant. (rF+)))
You expend magic power (3 MP) to strengthen your wands.


Message History

Okay, then.
Okay, then.
Blink to where?
Press: ? - help, Dir - move target, p - spriggan
As you read the scroll of blinking, it crumbles to dust.
Okay, then.
Okay, then.
Okay, then.
Throw: 4 darts (curare)
Press: ? - help, Q - select action, (/) - cycle Shift-Dir - straight line, f - spriggan
Aim: a spriggan, wielding a +0 trident (26% to hit)
Okay, then.
You feel attractive to monsters.
The spriggan is attracted toward you. x2; The ogre is attracted toward you.
You turn into a tree.
Your scarf of shadows melds into your body.
Your +0 pair of boots melds into your body.
Your +0 swamp dragon scales melds into your body.
The dungeon's light returns to normal.
Your roots penetrate the ground.
The spriggan hits you but does no damage. x2
The ogre hits you from afar with a +0 halberd!
* * * LOW HITPOINT WARNING * * *
The spriggan hits you with a +0 trident.
* * * LOW HITPOINT WARNING * * *
The spriggan hits you but does no damage.
You hit the spriggan.
The spriggan is moderately wounded.
The spriggan hits you with a +0 trident.
* * * LOW HITPOINT WARNING * * *
The spriggan hits you but does no damage.
The ogre hits you from afar with a +0 halberd!
* * * LOW HITPOINT WARNING * * *
Okay, then.
Okay, then.
Okay, then.
You closely miss the spriggan.
The spriggan is moderately wounded.
The spriggan barely misses you.
The spriggan hits you with a +0 trident.
You die...

#ii#♣ ♣♣♣..
#..# .. #..# .
#..# #..# #§.#
#.O## ##ii##
##♣.##
##).#######..
##.........#
##.......#
##~~~~~#
#~~~~~#
###~~~~~###
##.........##
##...........##


You could see an ogre and 2 spriggans.

Vanquished Creatures
  Maggie (D:6)
  2 spriggans (Bailey)
  A sky beast (D:6)
  3 black bears
  An ogre (D:5)
  A centaur (D:6)
  A phantom (D:4)
  4 elf zombies (Ossuary)
  2 scorpions
  A howler monkey (D:6)
  2 bombardier beetles
  3 centaur zombies (Ossuary)
  A hound (D:6)
  3 human zombies (Ossuary)
  4 orc priests
  A jelly (D:6)
  2 sleepcaps
  3 iguanas
  2 orc wizards (D:5)
  A crocodile zombie (Ossuary)
  3 mummies (Ossuary)
  10 adders
  6 gnolls
  A white imp (D:7)
  3 dart slugs
  A ribbon worm (D:3)
  10 orcs
  7 endoplasms
  4 giant cockroaches
  4 hobgoblins
  2 jackals
  3 quokkas
  4 ball pythons
  2 bats
  4 frilled lizards
  5 goblins
  6 kobolds
  4 rats
118 creatures vanquished.

Vanquished Creatures (others)
  An orc (D:5)
1 creature vanquished.

Grand Total: 119 creatures vanquished

Notes
Turn   | Place    | Note
-------+----------+-------------------------------------------
     0 | D:1      | zenocrate the Vine Stalker Enchanter began the quest for
                  | the Orb.
     0 | D:1      | Reached XP level 1. HP: 9/9 MP: 4/4
   144 | D:1      | Reached skill level 1 in Short Blades
   220 | D:1      | Reached XP level 2. HP: 13/13 MP: 6/6
   494 | D:1      | Learned a level 2 spell: Ensorcelled Hibernation
   585 | D:1      | Reached skill level 4 in Stealth
   699 | D:1      | Found Liziah's Antique Armour Emporium.
  1375 | D:2      | Reached XP level 3. HP: 16/16 MP: 7/7
  2019 | D:2      | Learned a level 3 spell: Confusing Touch
  2188 | D:3      | Reached XP level 4. HP: 21/21 MP: 8/8
  2267 | D:3      | Reached skill level 1 in Ice Magic
  2666 | D:3      | Reached XP level 5. HP: 25/25 MP: 9/9
  2670 | D:3      | Learned a level 3 spell: Tukima's Dance
  2985 | D:4      | Noticed a phantom
  2988 | D:4      | Found Jeazxesu's Armour Emporium.
  3012 | D:4      | Killed a phantom
  3013 | D:4      | Reached skill level 5 in Stealth
  3013 | D:4      | Reached XP level 6. HP: 29/29 MP: 10/10
  3609 | D:5      | Entered Level 5 of the Dungeon
  3611 | D:5      | Noticed a black bear
  3622 | D:4      | Killed a black bear
  3705 | D:5      | Found a runed translucent gate.
  3705 | D:5      | Found a runed translucent gate.
  3705 | D:5      | Found a runed translucent gate.
  3716 | D:5      | Reached XP level 7. HP: 21/32 MP: 5/11
  3733 | D:5      | Reached skill level 1 in Armour
  4127 | D:5      | Noticed croobank's ghost (amateur OnFE)
  4531 | D:6      | Reached skill level 6 in Stealth
  4725 | D:6      | Gained mutation: You have razor-sharp teeth. [Vine Stalker
                  | growth]
  4725 | D:6      | Reached XP level 8. HP: 37/37 MP: 12/12
  4749 | D:6      | Noticed Maggie
  4761 | D:6      | Killed Maggie
  4902 | D:6      | Reached skill level 5 in Hexes
  5491 | D:6      | Gained mutation: You expend magic power (3 MP) to
                  | strengthen your wands. [potion of mutation]
  5491 | D:6      | Gained mutation: Your flesh is heat resistant. (rF+)
                  | [potion of mutation]
  5721 | D:7      | Reached skill level 7 in Stealth
  5756 | D:7      | Found a sand-covered staircase.
  5765 | Ossuary  | Entered an ossuary
  5829 | Ossuary  | Reached XP level 9. HP: 40/40 MP: 11/13
  6009 | Ossuary  | Learned a level 3 spell: Dazzling Flash
  6169 | D:7      | Found a flagged portal.
  6197 | Bailey   | Entered a bailey
  6272 | Bailey   | Reached skill level 5 in Short Blades
  6272 | Bailey   | Reached skill level 8 in Stealth
  6308 | Bailey   | HP: 2/60 [ogre/+0 halberd (9)]
  6309 | Bailey   | Slain by a spriggan

Illustrated notes

Levels and vault maps discovered:
D:1:      wander_arrival_fairy_ring, layout_basic, serial_shops, shop,
          nicolae_concentric_dashed_squares_mild
D:2:      layout_loops_corners
D:3:      layout_basic
D:4:      layout_loops_ring, serial_shops, nicolae_shop_stone
D:5:      layout_cave_pools, ebering_ghost_rock_garden
D:6:      layout_basic, uniq_maggie
D:7:      layout_gridville, minmay_temple_entry_antechambers,
          gammafunk_ghost_grave, enter_ossuary_1, enter_bailey_7
Bailey:   bailey_polearm_enchanted_keep_hellmonk, bailey

Skill      XL: |  1  2  3  4  5  6  7  8  9 |
---------------+----------------------------+-----
Short Blades   | 1 2 3 4 5 |  5.1
Stealth        | 4 5 6 7 8 |  8.3
Dodging        | 2 3 4 |  4.5
Ice Magic      | 1 2 3 |  3.7
Hexes          | 4 5 |  5.9
Armour         | 1 2 3 |  3.5
Fighting       | |  0.6
Spellcasting   | |  2.3

Action                     |  1- 3 |  4- 6 |  7- 9 || total
---------------------------+-------+-------+-------++-------
  Melee: Dagger            |    65 |    81 |   239 ||   385
         Bite              |     9 |    20 |    97 ||   126
         Punch             |       |     1 |     4 ||     5
  Throw: Dart              |       |       |     1 ||     1
   Cast: Ensorcelled Hiber |     3 |    28 |    51 ||    82
         Confusing Touch   |       |     2 |    11 ||    13
         Tukima's Dance    |       |       |     1 ||     1
    Use: Scroll            |       |     8 |    13 ||    21
         Potion            |       |       |     4 ||     4
   Stab: Sleeping          |    16 |    20 |    26 ||    62
         Confused          |       |     3 |    14 ||    17
         Distracted        |       |     1 |       ||     1
         Invisible         |       |       |     4 ||     4
 Armour: Robe              |    19 |    33 |    36 ||    88
         Swamp dragon scal |       |       |    61 ||    61
         Skin              |       |       |     9 ||     9
  Dodge: Dodged            |    33 |    70 |   215 ||   318

Table legend: (Time is in decaauts)
 A = Elapsed time spent in this place.
 B = Non-inter-level travel time spent in this place.
 C = Inter-level travel time spent in this place.
 D = Time resting spent in this place.
 E = Time spent auto-exploring this place.
 F = Levels seen in this place.
 G = Mean time per level.
                   A        B        C        D        E       F      G
               +--------+--------+--------+--------+--------+-----+--------+
         Total |   6246 |   6004 |    242 |     95 |   4678 |   9 |  694.0 |
       Dungeon |   5814 |   5572 |    242 |      4 |   4532 |   7 |  830.6 |
       Ossuary |    316 |    316 |      0 |     91 |     69 |   1 |  316.0 |
        Bailey |    115 |    115 |      0 |      0 |     77 |   1 |  115.0 |
               +--------+--------+--------+--------+--------+-----+--------+

Top non-repeatable levels by time:
     D:1: 1249 daAuts
     D:6: 1126 daAuts
     D:5: 951 daAuts
     D:2: 863 daAuts
     D:3: 787 daAuts
     D:4: 706 daAuts
 Ossuary: 316 daAuts
     D:7: 130 daAuts
  Bailey: 115 daAuts
